 Dungeon Crawl Stone Soup version 0.17.1-3-g152610e (webtiles) character file.

336 Goblin1989 the Insei (level 6, -1/38 HPs)
             Began as an Octopode Transmuter on Mar 7, 2016.
             Slain by a quasit (2 damage)
             ... on level 5 of the Dungeon.
             The game lasted 00:30:03 (4953 turns).

Goblin1989 the Insei (Octopode Transmuter)          Turns: 4953, Time: 00:30:05

Health: -1/38      AC:  1    Str:  9      XL:     6   Next: 54%
Magic:  9/9        EV: 12    Int: 17      God:
Gold:   250        SH:  0    Dex: 10 (13) Spells: 3 memorised, 3 levels left

rFire  + . .     SeeInvis .       - Unarmed
rCold  . . .     Clarity  .     (no shield)
rNeg   . . .     SustAt   .     (helmet restricted)
rPois  .         Gourm    .     (no amulet)
rElec  .         Spirit   .     d - ring of protection from fire
rCorr  .         Warding  .     (no ring)
rMut   .         Stasis   .     (no ring)
MR     .....                    (no ring)
Stlth  ++........               (no ring)
                                (no ring)
                                (no ring)
                                (no ring)

@: appendage (expiring), not resistant to hostile enchantments, unstealthy
A: almost no armour, amphibious, 8 rings, constrict 8, tentacle spike 3,
camouflage 1, gelatinous body 1
a: End Transformation


You were on level 5 of the Dungeon.
You were not hungry.
One of your tentacles had a temporary spike.
You visited 1 branch of the dungeon, and saw 5 of its levels.

You collected 250 gold pieces.

Inventory:

Hand Weapons
 b - a +2 dagger of venom
Missiles
 a - 35 arrows
 m - 8 poisoned arrows
Magical Staves
 e - an uncursed staff of poison
Jewellery
 d - a ring of protection from fire (left tentacle)
Scrolls
 g - 2 scrolls of teleportation
 i - a scroll of fog {unknown}
 k - a scroll of recharging
Potions
 h - a potion of brilliance
Books
 n - a book of Changes

   Spells                             Type                      Level
   a - Beastly Appendage              Transmutation                1
   b - Sticks to Snakes               Transmutation                2
   c - Spider Form                    Transmutation/Poison         3
   d - Ice Form                       Ice/Transmutation            4
   e - Blade Hands                    Transmutation                5
Comestibles
 c - 4 bread rations
 f - 3 beef jerkies
 l - 3 meat rations


   Skills:
 - Level 1.0 Fighting
 - Level 2.0 Dodging
 * Level 6.2 Unarmed Combat
 - Level 2.0 Spellcasting
 - Level 3.1 Transmutations
 - Level 2.5 Poison Magic


You had 3 spell levels left.
You knew the following spells:

 Your Spells              Type           Power        Failure   Level  Hunger
a - Beastly Appendage     Trmt           ##....       6%          1    #......
b - Sticks to Snakes      Trmt           ##........   10%         2    ###....
c - Spider Form           Trmt/Pois      ##........   21%         3    ###....


Dungeon Overview and Level Annotations

Branches:
Dungeon (5/15)
 Temple: D:4-7

Altars:
Elyvilon
Nemelex Xobeh
Qazlal

Annotations:
D:2 Terence
D:4 Edmund, Robin


Innate Abilities, Weirdness & Mutations

You cannot wear most types of armour.
You are amphibious.
You can wear up to eight rings at the same time.
You can use your tentacles to constrict eight enemies at once.
Your skin changes colour to match your surroundings (Stealth).
Your rubbery body absorbs attacks (AC +1).
One of your tentacles bears a large vicious spike.


Message History

You feel clumsy. The quasit misses you.
You tentacle-slap the quasit.
You pierce the quasit, but do no damage.
The quasit is moderately wounded.
You constrict the quasit, but do no damage.
The quasit bites you.
* * * LOW HITPOINT WARNING * * *
You feel clumsy.
The quasit claws you but does no damage.
The quasit claws you.
* * * LOW HITPOINT WARNING * * *
You feel clumsy.
You tentacle-slap the quasit.
You pierce the quasit, but do no damage.
The quasit is heavily wounded.
You constrict the quasit.
The quasit bites you but does no damage.
The quasit claws you.
You die...

......... ....... # #.....
.. .# ....###..###
#####.#### +# .... ..#.#
#......... .###.#####.#.##
##......... ..............
..........
.............#####.........
.....####.#.#...@5.†.......
......###.#...####.........
.####.##...............!...
..............5....#######.
#####.###.#.....##.# ..#
#.# #.#.....#### #.# #.#
#.#.#...# #.###.###.#.#...#
..........#.#...#


You could see a quasit.

Vanquished Creatures
  2 hounds (D:5)
  A jelly (D:5)
  A worker ant (D:4)
  An iguana (D:4)
  5 adders
  An adder zombie (D:5)
  4 worms
  An adder skeleton (D:5)
  4 giant geckos
  6 orcs
  6 ball pythons
  4 bats
  3 giant cockroaches
  13 goblins
  10 hobgoblins
  14 jackals
  A quokka (D:5)
  6 giant newts
  3 kobolds
  A quokka skeleton (D:4)
  6 rats
93 creatures vanquished.

Vanquished Creatures (collateral kills)
  An ogre (D:4)
  A ball python (D:4)
2 creatures vanquished.

Vanquished Creatures (others)
  A quokka (D:4)
1 creature vanquished.

Grand Total: 96 creatures vanquished

Notes
Turn   | Place    | Note
--------------------------------------------------------------
     0 | D:1      | Goblin1989 the Octopode Transmuter began the quest for the Orb.
     0 | D:1      | Reached XP level 1. HP: 13/13 MP: 3/3
   164 | D:1      | Reached XP level 2. HP: 18/18 MP: 3/5
   172 | D:1      | Learned a level 2 spell: Sticks to Snakes
   672 | D:1      | Reached skill level 4 in Unarmed Combat
   679 | D:1      | Found a sparkling altar of Nemelex Xobeh.
   729 | D:1      | Reached XP level 3. HP: 17/23 MP: 3/6
  1528 | D:2      | Learned a level 3 spell: Spider Form
  1618 | D:2      | Noticed Terence
  1732 | D:2      | Found a faded altar to an unknown god.
  1854 | D:2      | Reached XP level 4. HP: 20/28 MP: 5/7
  2263 | D:3      | Found a stormy altar of Qazlal.
  2733 | D:3      | Reached skill level 5 in Unarmed Combat
  3104 | D:4      | Reached skill level 1 in Poison Magic
  3195 | D:4      | Noticed Robin
  3317 | D:4      | Reached XP level 5. HP: 22/33 MP: 1/8
  3736 | D:4      | Noticed an ogre
  3832 | D:4      | Noticed an ogre
  3874 | D:4      | Killed an ogre
  4410 | D:4      | Found a white marble altar of Elyvilon.
  4486 | D:4      | Reached XP level 6. HP: 35/38 MP: 3/9
  4487 | D:4      | Noticed Edmund
  4585 | D:5      | Entered Level 5 of the Dungeon
  4944 | D:5      | Reached skill level 6 in Unarmed Combat
  4952 | D:5      | HP: 1/38 [quasit (2)]
  4953 | D:5      | Slain by a quasit

Action                   |  1- 3 |  4- 6 || total
-------------------------+-------+-------++-------
Melee: Unarmed           |    91 |   124 ||   215
       Dagger            |       |     1 ||     1
 Cast: Beastly Appendage |    29 |    36 ||    65
       Sticks to Snakes  |     6 |    10 ||    16
  Use: Scroll            |     3 |     1 ||     4
       Potion            |       |     3 ||     3
 Stab: Sleeping          |     4 |     5 ||     9
  Eat: Chunk             |     4 |     7 ||    11
       Meat ration       |       |     1 ||     1
